 Dungeon Crawl Stone Soup version 0.24-b1-44-g37ad8b309f (webtiles) character file.

Game seed: 4959857034240156023, levelgen mode: deterministic

44 Mrkan the Poker (level 3, 0/33 HPs)
             Began as a Draconian Monk on Oct 24, 2019.
             Succumbed to Crazy Yiuf's poison
             ... on level 2 of the Dungeon.
             The game lasted 00:04:10 (1249 turns).

Mrkan the Poker (Draconian Monk)                    Turns: 1249, Time: 00:04:10

Health: 0/33       AC:  6    Str: 14    XL:     3   Next: 41%
Magic:  3/3        EV: 13    Int: 10    God:
Gold:   110        SH:  0    Dex: 13    Spells: 2/2 levels left

rFire    . . .     SeeInvis .   a - +0 spear
rCold    . . .     Gourm    .   (no shield)
rNeg     . . .     Faith    .   (armour unavailable)
rPois    .         Spirit   .   (helmet restricted)
rElec    .         Reflect  .   (no cloak)
rCorr    .         Harm     .   (no gloves)
MR       .....                  c - +0 pair of boots
Stlth    ++........             (no amulet)
HPRegen  0.11/turn              (no ring)
MPRegen  0.08/turn              (no ring)

@: lethally poisoned (0 -> -10)
A: unfitting armour, cold-blooded, AC +5
a: no special abilities


You were on level 2 of the Dungeon.
You were not hungry.

You visited 1 branch of the dungeon, and saw 2 of its levels.

You collected 110 gold pieces.

Inventory:

Hand Weapons
 a - a +0 spear (weapon)
 j - a cursed -2 spear
 n - a cursed +0 hunting sling
Missiles
 f - 36 stones (quivered)
Armour
 c - a +0 pair of boots (worn)
Jewellery
 l - a +4 ring of strength {unknown}
Scrolls
 d - a scroll of identify {unknown}
 g - 2 scrolls of teleportation {unknown}
 k - a scroll of remove curse {unknown}
 m - a scroll of enchant weapon {unknown}
 o - a scroll of random uselessness {unknown}
Potions
 e - 2 potions of haste {unknown}
 h - a potion of curing {unknown}
 p - a potion of might {unknown}
Comestibles
 b - 4 rations


   Skills:
 + Level 3.9 Fighting
 * Level 4.1 Polearms
 - Level 2.6 Dodging
 - Level 1.7 Stealth


You had 2 spell levels left.
You didn't know any spells.
Your spell library was empty.

Dungeon Overview and Level Annotations

Branches:
Dungeon (2/15)

Altars:

Annotations:
D:2 Crazy Yiuf, Natasha


Innate Abilities, Weirdness & Mutations

Your plain brown scales are hard. (AC +5)
You cannot fit into any form of body armour.
You are cold-blooded and may be slowed by cold attacks.


Message History

You barely miss Crazy Yiuf.
Crazy Yiuf hits you with a +4 quarterstaff of chaos!
You hit Crazy Yiuf but do no damage.
Your tail-slap misses Crazy Yiuf.
Crazy Yiuf hits you with a +4 quarterstaff of chaos!
You are lethally poisoned!
You hit Crazy Yiuf but do no damage.
You feel sick.
You hit Crazy Yiuf.
Crazy Yiuf is lightly wounded.
You feel sick. Crazy Yiuf barely misses you.
You hit Crazy Yiuf.
Crazy Yiuf is moderately wounded.
You feel sick.
Crazy Yiuf cries, "Spliff noodlescoop sallow!"
Crazy Yiuf hits you with a +4 quarterstaff of chaos!
* * * LOW HITPOINT WARNING * * *
Crazy Yiuf freezes you.
* * * LOW HITPOINT WARNING * * *
You hit Crazy Yiuf but do no damage.
Crazy Yiuf is moderately wounded.
You die...

#...# #..# #..#
...##### ..<....#
.......# ♣♣♣♣♣###
.......#
#####♣♣♣.♣)...##
#.##########
#.).#♣..♣......##
#.# ##..#
#.g@'.♣♣♣♣......#
..######...# #).)#♣♣
♣♣.....#
......>...## #####
♣♣##..# ....#)....##
#.## #####..#...#
#.# #..###########
#.# #.##
#.....###########.#
#.#
####..............#
###.#
##....##############


You could see Crazy Yiuf.

Vanquished Creatures
  An adder (D:2)
  2 dart slugs
  A leopard gecko (D:2)
  A ball python (D:1)
  5 bats
  A giant cockroach (D:2)
  5 goblins
  5 hobgoblins (D:1)
  A kobold (D:1)
  3 frilled lizards (D:2)
  2 rats (D:1)
27 creatures vanquished.

Notes
Turn   | Place    | Note
-------+----------+-------------------------------------------
     0 | D:1      | Mrkan the Draconian Monk began the quest for the Orb.
     0 | D:1      | Reached XP level 1. HP: 19/19 MP: 1/1
    11 | D:1      | You fall into a shaft and drop 1 floor!
   119 | D:2      | Noticed Natasha
   164 | D:1      | Reached XP level 2. HP: 22/26 MP: 2/2
   981 | D:2      | Reached XP level 3. HP: 27/33 MP: 3/3
   983 | D:2      | Reached skill level 4 in Polearms
  1237 | D:2      | Found a runed translucent door.
  1238 | D:2      | Noticed Crazy Yiuf
  1248 | D:2      | HP: 1/33 [Crazy Yiuf/+4 quarterstaff of chaos (2)]
  1249 | D:2      | Succumbed to Crazy Yiuf's poison

Skill      XL: |  1  2  3 |
---------------+----------+-----
Polearms       | 4 |  4.1
Fighting       | |  3.9
Dodging        | |  2.6
Stealth        | |  1.7

Action                   || total
-------------------------++-------
Melee: Spear             ||    81
       Tailslap          ||    11
 Stab: Sleeping          ||     2
       Distracted        ||     1
  Eat: Chunk             ||     1
Armor: Skin              ||    15
Dodge: Dodged            ||    68
